 Dungeon Crawl Stone Soup version 0.29.1-12-g30fa7ad0bf (webtiles) character file.

Game seed: 14774934891399723636

463 xian the Shield-Bearer (level 6, 0/84 HPs)
             Began as a Minotaur Fighter on Dec 16, 2022.
             Killed by divine providence
             ... invoked by an orc priest
              (12 damage)
             ... on level 4 of the Dungeon.
             The game lasted 00:06:02 (2576 turns).

xian the Shield-Bearer (Minotaur Fighter)           Turns: 2576, Time: 00:06:03

Health: 0/84       AC: 23    Str: 23    XL:     6   Next: 79%
Magic:  5/5        EV:  2    Int:  5    God:
Gold:   98         SH:  4    Dex:  9    Spells: 5/5 levels left

rFire   + . .      SeeInvis .   a - +0 war axe
rCold   . . .      Faith    .   c - +0 buckler
rNeg    . . .      Spirit   .   (body armour currently unavailable)
rPois   +          Reflect  .   (helmet currently unavailable)
rElec   .          Harm     .   (cloak currently unavailable)
rCorr   .          Rampage  .   (gloves currently unavailable)
Will    +....      NoTele   +   (boots currently unavailable)
Stlth   +.........              (no amulet)
HPRegen 0.24/turn               l - ring of willpower
MPRegen 0.09/turn               v - ring of protection from fire

@: tree-form
A: stationary, stasis, torment immunity, boosted hp, (horns 2), (retaliatory
headbutt)
a: no special abilities


You were on level 4 of the Dungeon.
You were a tree.
You visited 1 branch of the dungeon, and saw 4 of its levels.

You collected 98 gold pieces.

Inventory:

Hand Weapons
 a - a +0 war axe (weapon)
 o - a +3 quarterstaff of chaos
Missiles
 g - 10 stones (quivered)
Armour
 b - a +0 scale mail (melded)
 c - a +0 buckler (worn)
 d - a +0 cloak (melded)
 m - an orb of energy
Jewellery
 l - a ring of willpower (left branch)
 v - a ring of protection from fire (right branch)
Wands
 r - a wand of digging (7)
 t - a wand of light (10)
 x - a wand of charming (7)
 y - a wand of roots (8)
Scrolls
 e - 2 scrolls of poison {unknown}
 f - 2 scrolls of identify {unknown}
 i - a scroll of butterflies {unknown}
 n - 2 scrolls of teleportation {unknown}
 p - a scroll of enchant armour {unknown}
 q - 3 scrolls of magic mapping {unknown}
 s - a scroll of blinking {unknown}
 u - 2 scrolls of vulnerability {unknown}
 w - a scroll of summoning {unknown}
Potions
 j - a potion of haste {unknown}
 k - 5 potions of curing
 z - a potion of flight {unknown}
 A - 2 potions of heal wounds {unknown}


   Skills:
 + Level 5.1 Fighting
 + Level 5.0 Axes
 + Level 1.4 Throwing
 + Level 5.0 Armour
 + Level 1.9 Dodging
 + Level 0.9 Stealth
 + Level 5.1 Shields
 + Level 0.1 Evocations


You had 5 spell levels left.
You didn't know any spells.
Your spell library contained the following spells:

 Spells                   Type           Power      Damage    Failure   Level
 Blink                    Tloc           0%         N/A       71%         2
 Lesser Beckoning         Tloc           0%         N/A       90%         3
 Manifold Assault         Tloc           0%         N/A       100%        5


Dungeon Overview and Level Annotations

Branches:
Dungeon (4/15)
 Temple: D:4-7

Altars:

Annotations:
D:4 Blork the orc


Innate Abilities, Weirdness & Mutations

You are a tree.
Your roots penetrate the ground, keeping you stationary.
You cannot be teleported.
You are immune to unholy pain and torment.
Your maximum health is greatly increased.
Your equipment is partially melded.
((You have a pair of horns on your head.))
((You reflexively headbutt those who attack you in melee.))


Message History

Blork the orc hits you but does no damage.
The orc priest looks encouraged for a moment.
The orc hits you but does no damage.
You hit Blork the orc.
Blork the orc is moderately wounded.
You hit the orc.
Blork the orc hits you but does no damage.
A scorpion comes into view.
Blork the orc gestures at you while chanting.
The puff of frost hits you.
* * * LOW HITPOINT WARNING * * *
You block the orc's attack.
You closely miss the orc.
The orc is heavily wounded.
You barely miss Blork the orc. You block Blork the orc's attack.
Blork the orc suddenly yells, in orcish tradition.
Blork the orc looks encouraged for a moment.
The orc hits you but does no damage.
Unknown command.
You closely miss Blork the orc.
Blork the orc is moderately wounded.
You closely miss the orc.
Blork the orc hits you with a +0 battleaxe.
* * * LOW HITPOINT WARNING * * *
The orc hits you but does no damage.
The orc priest looks satisfied for a moment.
Blork the orc hits you but does no damage.
You slash Blork the orc!
Blork the orc is severely wounded.
You closely miss the orc.
Blork the orc hits you with a +0 battleaxe.
* * * LOW HITPOINT WARNING * * *
The orc hits you but does no damage.
Blork the orc hits you with a +0 battleaxe!
* * * LOW HITPOINT WARNING * * *
The orc priest begins to cast a cantrip, but forgets the words!
The orc hits you but does no damage.
The orc priest invokes the aid of Beogh against you.
Beogh smites you!
You die...

###........##........##...#
#...#.................#...#
†...#....#.....#......#..###
...##...#####.#######......#
.#.####..##.#..####†...#..##
#### ............!..##### #
...##.###....### # #.##
#)..#..## # #♣o.......
#o...#..... o#######..# so
..# ##. ## #. .. ..


You could see Blork the orc (fast), a scorpion, 2 orc priests and an orc.

Vanquished Creatures
  Duvessa (D:4)
  A scorpion (D:3)
  Dowan (D:4)
  2 hounds (D:4)
  An orc priest (D:3)
  Crazy Yiuf (D:2)
  5 adders
  2 ufetubi (D:4)
  2 worms
  4 dart slugs
  8 orcs
  3 endoplasms
  3 giant cockroaches
  3 goblins
  2 hobgoblins
  3 jackals (D:3)
  3 quokkas
  6 ball pythons
  6 bats
  A frilled lizard (D:2)
  A kobold (D:4)
  5 rats
  A bush (D:2)
65 creatures vanquished.

Notes
Turn   | Place    | Note
-------+----------+-------------------------------------------
     0 | D:1      | xian the Minotaur Fighter began the quest for the Orb.
     0 | D:1      | Reached XP level 1. HP: 19/19 MP: 0/0
   106 | D:1      | Reached XP level 2. HP: 17/27 MP: 1/1
   303 | D:1      | You fall into a shaft and drop 1 floor!
   346 | D:2      | Reached XP level 3. HP: 31/33 MP: 2/2
   515 | D:2      | Found a runed translucent door.
   516 | D:2      | Noticed Crazy Yiuf
   522 | D:2      | Killed Crazy Yiuf
   523 | D:2      | Reached XP level 4. HP: 40/40 MP: 3/3
   848 | D:2      | Reached skill level 5 in Shields
   941 | D:3      | Noticed a scorpion
   945 | D:3      | Killed a scorpion
   946 | D:3      | Reached skill level 1 in Dodging
   946 | D:3      | Reached XP level 5. HP: 46/46 MP: 4/4
  2135 | D:4      | Noticed Dowan
  2147 | D:4      | Killed Dowan
  2148 | D:4      | Reached skill level 1 in Throwing
  2177 | D:4      | Reached XP level 6. HP: 55/55 MP: 5/5
  2183 | D:4      | Noticed Duvessa
  2192 | D:4      | Killed Duvessa
  2193 | D:4      | Reached skill level 5 in Fighting
  2369 | D:4      | Reached skill level 5 in Armour
  2563 | D:4      | Reached skill level 5 in Axes
  2564 | D:4      | Noticed Blork the orc
  2576 | D:4      | Killed from afar by an orc priest

Illustrated notes

Levels and vault maps discovered:
D:1:      dpeg_arrival_prison, layout_rooms, ebering_ecumenical_altar_mist
D:2:      layout_rooms, uniq_crazy_yiuf_cottage
D:3:      layout_basic
D:4:      layout_cave_pools, minmay_temple_entry_poolview, uniq_blork_the_orc,
          uniq_duvessa

Skill      XL: |  1  2  3  4  5  6 |
---------------+-------------------+-----
Shields        | 4 5 |  5.1
Armour         | 4 5 |  5.0
Fighting       | 4 5 |  5.1
Axes           | 3 4 5 |  5.0
Dodging        | 1 |  1.9
Throwing       | 1 |  1.4
Stealth        | |  0.9
Evocations     | |  0.1

Action                   |  1- 3 |  4- 6 || total
-------------------------+-------+-------++-------
Melee: War axe           |    75 |   101 ||   176
       Headbutt          |    21 |    12 ||    33
Throw: Stone             |     7 |     4 ||    11
Evoke: Wand              |       |     2 ||     2
  Use: Potion            |     1 |     2 ||     3
 Stab: Invisible         |       |     3 ||     3
Armor: Scale mail        |    18 |    44 ||    62
       Skin              |       |    10 ||    10
Dodge: Dodged            |    21 |    58 ||    79
Block: Buckler           |     9 |    24 ||    33
